 Dungeon Crawl Stone Soup version 0.24-a0-235-g3f03afc (webtiles) character file.

Game seed: 8456480791343782354

9967 Gorice the Protected (level 11, -7/74 HPs)
             Began as a Gnoll Wanderer on Apr 7, 2019.
             Was an Elder of Okawaru.
             Mangled by a thrashing horror (13 damage)
             ... on level 2 of the Abyss.
             The game lasted 00:47:40 (9585 turns).

Gorice the Protected (Gnoll Wanderer)               Turns: 9585, Time: 00:47:41

Health: -7/74      AC: 24    Str: 22    XL:     11   Next: 54%
Magic:  0/18       EV: 12    Int: 12    God:    Okawaru [****..]
Gold:   227        SH:  7    Dex: 12    Spells: 22/22 levels left

rFire    . . .     SeeInvis .   a - +6 hand axe "Trog's Scorn" {venom, Str+4 Dex-3}
rCold    . . .     Gourm    .   c - +0 buckler
rNeg     . . .     Faith    .   N - +0 plate armour
rPois    .         Spirit   +   g - +2 helmet
rElec    .         Reflect  .   (no cloak)
rCorr    .         Harm     .   j - +2 pair of gloves
MR       .....                  (no boots)
Stlth    ..........             S - amulet of guardian spirit
HPRegen  0.22/turn              (no ring)
MPRegen  0.16/turn              (no ring)

@: liquid flames, about to teleport, heroism, glowing
A: distributed training, fangs 1, [blurry vision 3], [dopey 1], [frail 1], [low
mp 1], [screaming 1], strong nose
a: Heroism, Renounce Religion


You were on level 2 of the Abyss.
You worshipped Okawaru.
Okawaru was greatly pleased with you.
You were not hungry.

You visited 2 branches of the dungeon, and saw 10 of its levels.
You visited the Abyss 1 time.

You collected 557 gold pieces.
You spent 330 gold pieces at shops.

Inventory:

Hand Weapons
 a - the +6 hand axe "Trog's Scorn" (weapon) {venom, Str+4 Dex-3}
   (You found it on level 4 of the Dungeon)

   It poisons the flesh of those it strikes.
   It affects your strength (+4).
   It affects your dexterity (-3).
 b - a +0 hunting sling
 h - a +2 scimitar of flaming
   (You took it off Erica on level 8 of the Dungeon)
 u - a +1 war axe of flaming
   (You found it on level 2 of the Abyss)
 v - a +2 spear
 w - a +2 dire flail of crushing
   (You took it off Edmund on level 4 of the Dungeon)
 x - a +0 battleaxe
 z - a +1 dagger of venom
   (You took it off a goblin on level 1 of the Dungeon)
 B - a +0 blowgun
 M - a +0 glaive
 Q - a +2 halberd of flaming
   (You found it on level 8 of the Dungeon)
Missiles
 r - 14 curare-tipped needles
 D - 6 tomahawks (quivered)
 I - 74 sling bullets
 Y - 253 stones
 Z - 2 throwing nets {!f}
Armour
 c - a +0 buckler (worn)
 d - a +0 robe
 g - a +2 helmet (worn)
 j - a +2 pair of gloves (worn)
 l - a +0 chain mail
 n - a +0 ring mail
 N - a +0 plate armour (worn)
Jewellery
 S - an amulet of guardian spirit (around neck)
Wands
 H - a wand of polymorph (19)
 L - a wand of acid (6)
 O - a wand of enslavement (11)
Scrolls
 e - 4 scrolls of magic mapping {!r}
 i - 6 scrolls of remove curse
 p - a scroll of teleportation {!r}
 t - 3 scrolls of enchant armour
 y - 2 scrolls of amnesia
 A - a scroll of fear {!r}
 C - 4 scrolls of blinking {unknown}
 K - a scroll of fog
Potions
 k - 4 potions of curing
 m - 4 potions of agility {!q}
 q - 3 potions of flight
 s - 3 potions of lignification {!q}
 E - 2 potions of cancellation {!q}
 F - a potion of brilliance {!q}
 G - a potion of degeneration {unknown}
 J - a potion of mutation {unknown}
 P - a potion of invisibility {unknown}
 R - a potion of berserk rage {unknown}
Comestibles
 f - 20 rations
 T - 3 chunks of flesh


   Skills:
 + Level 6.8(11.8) Fighting
 + Level 6.3(11.3) Short Blades
 + Level 6.3(11.3) Long Blades
 + Level 6.3(11.3) Axes
 + Level 6.8(11.8) Maces & Flails
 + Level 7.9(12.9) Polearms
 + Level 6.3(11.3) Staves
 + Level 6.3(11.3) Slings
 + Level 6.3(11.3) Bows
 + Level 6.3(11.3) Crossbows
 + Level 6.3(11.3) Throwing
 + Level 10.5(15.5) Armour
 + Level 6.3(11.3) Dodging
 + Level 6.3(11.3) Stealth
 + Level 6.8(11.8) Shields
 + Level 6.3(11.3) Unarmed Combat
 + Level 6.3 Spellcasting
 + Level 5.2 Conjurations
 + Level 5.2 Hexes
 + Level 5.2 Charms
 + Level 5.2 Summonings
 + Level 5.2 Necromancy
 + Level 5.2 Translocations
 + Level 5.2 Transmutations
 + Level 5.2 Fire Magic
 + Level 5.2 Ice Magic
 + Level 5.2 Air Magic
 + Level 5.2 Earth Magic
 + Level 5.2 Poison Magic
 + Level 6.9 Invocations
 + Level 6.8 Evocations


You had 22 spell levels left.
You didn't know any spells.
Your spell library contained the following spells:

 Spells                   Type           Power        Failure   Level  Hunger
 Infusion                 Chrm           ###.         19%         1    None
 Shroud of Golubria       Chrm/Tloc      ###.......   28%         2    ##.....
 Song of Slaying          Chrm           ###.....     28%         2    ##.....
 Regeneration             Chrm/Necr      ###.......   50%         3    ###....
 Spectral Weapon          Hex/Chrm       ###.....     50%         3    ###....


Dungeon Overview and Level Annotations

Branches:
Dungeon (9/15)             Temple (1/1) D:7
   Lair: D:8-11         Orc: D:9-12

Altars:
Ashenzari
Cheibriados
Dithmenos
Elyvilon
Fedhas
Gozag
Hepliaklqana
Kikubaaqudgha
Makhleb
Nemelex Xobeh
Okawaru
Qazlal
Ru
Sif Muna
Trog
Uskayaw
Vehumet
Wu Jian
Xom
Yredelemnul
Zin
The Shining One

Shops:
D:6 =

Annotations:
D:7 2 transporters, 3 runed translucent door; artif boots loot, ghost w$, Voker57's ghost, novice DsGl
D:9 Erolcha


Innate Abilities, Weirdness & Mutations

Your experience applies equally to all skills.
You have very sharp teeth.
Your uncanny sense of smell can sniff out nearby items.
[Scrolls take you much longer to read.]
[You are dopey. (Int -2)]
[You are frail. (-10% HP)]
[Your magical capacity is low. (-10% MP)]
[You occasionally shout uncontrollably at your foes.]


Message History

The thrashing horror tramples you!
* * * LOW HITPOINT WARNING * * *
You hold your ground!
The thrashing horror tramples you but does no damage.
Damage: 21 (max 21) Unknown command.
Really quaff
o - a potion of heal wounds {!q}?
You feel much better. The thrashing horror tramples you.
* * * LOW HITPOINT WARNING * * *
You hold your ground!
The thrashing horror barely misses you.
You block the thrashing horror's attack.
The thrashing horror closely misses you.
The smoke demon gestures at you.
The sticky flame hits you but does no damage.
You are covered in liquid flames!
You are covered in liquid flames!
* * * LOW HITPOINT WARNING * * *
The thrashing horror roars!
You block the thrashing horror's attack.
The thrashing horror tramples you but does no damage. x2
The thrashing horror tramples you.
* * * LOW HITPOINT WARNING * * *
You hold your ground!
Damage: 9 (max 21)
You are covered in liquid flames!
* * * LOW HITPOINT WARNING * * *
Damage: 4 (max 21) Unknown command.
You feel better.
You are covered in liquid flames!
* * * LOW HITPOINT WARNING * * *
The thrashing horror tramples you but does no damage. x2
The thrashing horror tramples you.
* * * LOW HITPOINT WARNING * * *
You hold your ground!
The thrashing horror closely misses you.
The thrashing horror tramples you but does no damage.
The thrashing horror tramples you.
* * * LOW HITPOINT WARNING * * *
You hold your ground!
Damage: 2 (max 21) Unknown command.
Unknown command.
You are covered in liquid flames!
* * * LOW HITPOINT WARNING * * *
The thrashing horror roars!
You block the thrashing horror's attack.
The thrashing horror tramples you but does no damage.
The thrashing horror tramples you!
You die...

. # . ..§. ..
....§ .## # .
#...#####.
#....hX##[.
..#....3.####
#.....##.#.#
...#..§#X..##
. .##.##@X###
##...#.#....#
...#..##.#####
.### #∆.#∆ ∆
.. §§### ##.#.
# . # ## ∆ ..
#


You could see 2 thrashing horrors.

Vanquished Creatures
  A hydra (D:8)
  Erica (D:8)
  A two-headed ogre (D:9)
  A wretched star (Abyss:2)
  Pikel (D:4)
  Joseph (D:7)
  An orange demon (Abyss:2)
  A hellwing (Abyss:2)
  3 raiju (Abyss:2)
  2 dream sheep (D:8)
  2 hippogriffs
  Sigmund (D:4)
  A wyvern (D:9)
  2 yaks (D:8)
  Edmund (D:4)
  Duvessa (D:7)
  An ice beast (D:6)
  3 sky beasts
  2 orc warriors
  2 slaves (D:3)
  7 ogres
  A phantom (D:9)
  4 centaurs
  4 big kobolds
  4 bullfrogs
  2 gnoll sergeants (D:9)
  Dowan (D:7)
  3 scorpions
  A troll skeleton (Abyss:2)
  4 howler monkeys
  2 crimson imps (D:6)
  A bullfrog zombie (D:6)
  2 jellies
  5 hounds
  5 orc priests
  A bullfrog skeleton (D:9)
  A gnoll shaman (D:5)
  8 orc wizards
  Ijyb (D:4)
  2 iguanas
  9 worker ants
  A hound zombie (D:5)
  19 gnolls
  15 adders
  2 shadow imps
  2 oozes
  2 adder skeletons
  A dart slug (D:1)
  5 leopard geckos
  19 orcs
  2 ball pythons
  7 bats
  7 giant cockroaches
  5 goblins
  15 hobgoblins
  13 jackals
  4 quokkas
  A ball python zombie (D:5)
  2 frilled lizards
  10 kobolds
  A leopard gecko zombie (D:6)
  6 rats
  A spectral orc (D:4)
237 creatures vanquished.

Vanquished Creatures (others)
  A large abomination (Abyss:2)
1 creature vanquished.

Grand Total: 238 creatures vanquished

Notes
Turn   | Place    | Note
-------+----------+-------------------------------------------
     0 | D:1      | Gorice the Gnoll Wanderer began the quest for the Orb.
     0 | D:1      | Gorice set off with the following items: a +2 spear, a +0
                  | hand axe, a +0 buckler, a +0 robe, a ration
     0 | D:1      | Reached XP level 1. HP: 17/17 MP: 2/2
   114 | D:1      | Reached XP level 2. HP: 21/23 MP: 3/3
   602 | D:1      | Reached XP level 3. HP: 22/28 MP: 4/4
   696 | D:2      | Reached skill level 1 in Invocations
   842 | D:2      | Reached skill level 1 in Short Blades
   842 | D:2      | Reached skill level 1 in Long Blades
   842 | D:2      | Reached skill level 1 in Axes
   842 | D:2      | Reached skill level 1 in Staves
   842 | D:2      | Reached skill level 1 in Slings
   842 | D:2      | Reached skill level 1 in Bows
   842 | D:2      | Reached skill level 1 in Crossbows
   842 | D:2      | Reached skill level 1 in Throwing
   842 | D:2      | Reached skill level 1 in Dodging
   842 | D:2      | Reached skill level 1 in Stealth
   842 | D:2      | Reached skill level 1 in Unarmed Combat
   842 | D:2      | Reached skill level 1 in Spellcasting
   887 | D:2      | Reached XP level 4. HP: 33/34 MP: 6/6
  1299 | D:2      | Reached skill level 1 in Conjurations
  1299 | D:2      | Reached skill level 1 in Hexes
  1299 | D:2      | Reached skill level 1 in Charms
  1299 | D:2      | Reached skill level 1 in Summonings
  1299 | D:2      | Reached skill level 1 in Necromancy
  1299 | D:2      | Reached skill level 1 in Translocations
  1299 | D:2      | Reached skill level 1 in Transmutations
  1299 | D:2      | Reached skill level 1 in Fire Magic
  1299 | D:2      | Reached skill level 1 in Ice Magic
  1299 | D:2      | Reached skill level 1 in Air Magic
  1299 | D:2      | Reached skill level 1 in Earth Magic
  1299 | D:2      | Reached skill level 1 in Poison Magic
  1309 | D:2      | Found an ancient bone altar of Kikubaaqudgha.
  1755 | D:3      | Found a faded altar of an unknown god.
  1789 | D:3      | Reached XP level 5. HP: 31/40 MP: 7/7
  2044 | D:3      | Reached skill level 3 in Fighting
  2044 | D:3      | Reached skill level 3 in Maces & Flails
  2044 | D:3      | Reached skill level 3 in Shields
  2044 | D:3      | Reached skill level 3 in Evocations
  2064 | D:3      | Found a blossoming altar of Fedhas.
  2064 | D:3      | Found a white marble altar of Elyvilon.
  2065 | D:3      | Found a glowing golden altar of the Shining One.
  2273 | D:4      | Noticed Pikel
  2273 | D:4      | Noticed a slave
  2273 | D:4      | Noticed a slave
  2273 | D:4      | Noticed a slave
  2273 | D:4      | Noticed a slave
  2284 | D:3      | Killed a slave
  2328 | D:4      | Noticed an ogre
  2338 | D:4      | Killed an ogre
  2338 | D:4      | Reached skill level 2 in Invocations
  2338 | D:4      | Reached XP level 6. HP: 44/47 MP: 8/8
  2412 | D:4      | Reached skill level 2 in Short Blades
  2412 | D:4      | Reached skill level 2 in Long Blades
  2412 | D:4      | Reached skill level 2 in Axes
  2412 | D:4      | Reached skill level 5 in Polearms
  2412 | D:4      | Reached skill level 2 in Staves
  2412 | D:4      | Reached skill level 2 in Slings
  2412 | D:4      | Reached skill level 2 in Bows
  2412 | D:4      | Reached skill level 2 in Crossbows
  2412 | D:4      | Reached skill level 2 in Throwing
  2412 | D:4      | Reached skill level 2 in Dodging
  2412 | D:4      | Reached skill level 2 in Stealth
  2412 | D:4      | Reached skill level 2 in Unarmed Combat
  2412 | D:4      | Reached skill level 2 in Spellcasting
  2613 | D:4      | Noticed Edmund
  2633 | D:4      | Killed Edmund
  2633 | D:4      | Reached XP level 7. HP: 36/52 MP: 10/10
  2671 | D:4      | Found a basalt altar of Yredelemnul.
  2726 | D:4      | Noticed Sigmund
  2976 | D:4      | Got a bone hand axe
  2977 | D:4      | Identified the +6 hand axe "Trog's Scorn" {venom, Str+4
                  | Dex-3} (You found it on level 4 of the Dungeon)
  3002 | D:4      | Reached skill level 2 in Conjurations
  3002 | D:4      | Reached skill level 2 in Hexes
  3002 | D:4      | Reached skill level 2 in Charms
  3002 | D:4      | Reached skill level 2 in Summonings
  3002 | D:4      | Reached skill level 2 in Necromancy
  3002 | D:4      | Reached skill level 2 in Translocations
  3002 | D:4      | Reached skill level 2 in Transmutations
  3002 | D:4      | Reached skill level 2 in Fire Magic
  3002 | D:4      | Reached skill level 2 in Ice Magic
  3002 | D:4      | Reached skill level 2 in Air Magic
  3002 | D:4      | Reached skill level 2 in Earth Magic
  3002 | D:4      | Reached skill level 2 in Poison Magic
  3047 | D:4      | Noticed Ijyb
  3059 | D:4      | Killed Ijyb
  3223 | D:4      | Reached skill level 9 in Armour
  3328 | D:4      | Killed Pikel
  3328 | D:4      | Reached skill level 4 in Fighting
  3328 | D:4      | Reached skill level 3 in Short Blades
  3328 | D:4      | Reached skill level 3 in Long Blades
  3328 | D:4      | Reached skill level 3 in Axes
  3328 | D:4      | Reached skill level 4 in Maces & Flails
  3328 | D:4      | Reached skill level 3 in Staves
  3328 | D:4      | Reached skill level 3 in Slings
  3328 | D:4      | Reached skill level 3 in Bows
  3328 | D:4      | Reached skill level 3 in Crossbows
  3328 | D:4      | Reached skill level 3 in Throwing
  3328 | D:4      | Reached skill level 3 in Dodging
  3328 | D:4      | Reached skill level 3 in Stealth
  3328 | D:4      | Reached skill level 4 in Shields
  3328 | D:4      | Reached skill level 3 in Unarmed Combat
  3328 | D:4      | Reached skill level 3 in Spellcasting
  3328 | D:4      | Reached skill level 3 in Invocations
  3328 | D:4      | Reached skill level 4 in Evocations
  3328 | D:4      | Reached XP level 8. HP: 60/60 MP: 10/12
  3339 | D:4      | You fall through a shaft for 2 floors!
  3339 | D:6      | Found a bloodstained altar of Trog.
  3339 | D:6      | Found Qutell's Jewellery Shoppe.
  3590 | D:5      | Entered Level 5 of the Dungeon
  3856 | D:5      | Reached skill level 3 in Conjurations
  3856 | D:5      | Reached skill level 3 in Hexes
  3856 | D:5      | Reached skill level 3 in Charms
  3856 | D:5      | Reached skill level 3 in Summonings
  3856 | D:5      | Reached skill level 3 in Necromancy
  3856 | D:5      | Reached skill level 3 in Translocations
  3856 | D:5      | Reached skill level 3 in Transmutations
  3856 | D:5      | Reached skill level 3 in Fire Magic
  3856 | D:5      | Reached skill level 3 in Ice Magic
  3856 | D:5      | Reached skill level 3 in Air Magic
  3856 | D:5      | Reached skill level 3 in Earth Magic
  3856 | D:5      | Reached skill level 3 in Poison Magic
  3856 | D:5      | Reached skill level 4 in Invocations
  3978 | D:5      | Reached XP level 9. HP: 46/66 MP: 14/14
  4198 | D:5      | Reached skill level 6 in Polearms
  4437 | D:4      | Killed Sigmund
  4499 | D:4      | Found a hazy altar of Hepliaklqana.
  4915 | D:5      | Reached skill level 4 in Short Blades
  4915 | D:5      | Reached skill level 4 in Long Blades
  4915 | D:5      | Reached skill level 4 in Axes
  4915 | D:5      | Reached skill level 4 in Staves
  4915 | D:5      | Reached skill level 4 in Slings
  4915 | D:5      | Reached skill level 4 in Bows
  4915 | D:5      | Reached skill level 4 in Crossbows
  4915 | D:5      | Reached skill level 4 in Throwing
  4915 | D:5      | Reached skill level 4 in Dodging
  4915 | D:5      | Reached skill level 4 in Stealth
  4915 | D:5      | Reached skill level 4 in Unarmed Combat
  4915 | D:5      | Reached skill level 4 in Spellcasting
  5089 | D:6      | Found an iron altar of Okawaru.
  5092 | D:6      | Became a worshipper of Warmaster Okawaru
  5504 | D:6      | Found an ornate altar of the Wu Jian Council.
  5563 | D:6      | Reached skill level 5 in Fighting
  5563 | D:6      | Reached skill level 5 in Maces & Flails
  5563 | D:6      | Reached skill level 5 in Shields
  5563 | D:6      | Reached skill level 5 in Evocations
  5905 | D:7      | Found a transporter.
  5925 | D:7      | Noticed Joseph
  5934 | D:7      | Killed Joseph
  5988 | D:7      | Reached * piety under Okawaru
  5988 | D:7      | Reached skill level 5 in Invocations
  5991 | D:7      | Found a staircase to the Ecumenical Temple.
  5997 | Temple   | Entered the Ecumenical Temple
  6116 | D:7      | Noticed Duvessa
  6135 | D:7      | Killed Duvessa
  6135 | D:7      | Reached XP level 10. HP: 54/74 MP: 17/17
  6232 | D:7      | Noticed Dowan
  6242 | D:7      | Killed Dowan
  6559 | D:7      | Reached skill level 4 in Conjurations
  6559 | D:7      | Reached skill level 4 in Hexes
  6559 | D:7      | Reached skill level 4 in Charms
  6559 | D:7      | Reached skill level 4 in Summonings
  6559 | D:7      | Reached skill level 4 in Necromancy
  6559 | D:7      | Reached skill level 4 in Translocations
  6559 | D:7      | Reached skill level 4 in Transmutations
  6559 | D:7      | Reached skill level 4 in Fire Magic
  6559 | D:7      | Reached skill level 4 in Ice Magic
  6559 | D:7      | Reached skill level 4 in Air Magic
  6559 | D:7      | Reached skill level 4 in Earth Magic
  6559 | D:7      | Reached skill level 4 in Poison Magic
  6566 | D:7      | Found a runed translucent gate.
  6566 | D:7      | Noticed a fire dragon
  6567 | D:7      | Found a runed translucent gate.
  6567 | D:7      | Noticed Voker57's ghost (novice DsGl)
  6568 | D:7      | Found a runed translucent gate.
  6569 | D:7      | Found an opulent altar of Gozag.
  6578 | D:7      | Found a stormy altar of Qazlal.
  6636 | D:7      | Found a transporter.
  7215 | D:8      | Reached skill level 5 in Short Blades
  7215 | D:8      | Reached skill level 5 in Long Blades
  7215 | D:8      | Reached skill level 5 in Axes
  7215 | D:8      | Reached skill level 5 in Staves
  7215 | D:8      | Reached skill level 5 in Slings
  7215 | D:8      | Reached skill level 5 in Bows
  7215 | D:8      | Reached skill level 5 in Crossbows
  7215 | D:8      | Reached skill level 5 in Throwing
  7215 | D:8      | Reached skill level 5 in Dodging
  7215 | D:8      | Reached skill level 5 in Stealth
  7215 | D:8      | Reached skill level 5 in Unarmed Combat
  7215 | D:8      | Reached skill level 5 in Spellcasting
  7310 | D:8      | Noticed Erica
  7435 | D:8      | Killed Erica
  7435 | D:8      | Reached ** piety under Okawaru
  7435 | D:8      | Reached skill level 7 in Polearms
  7435 | D:8      | Reached skill level 10 in Armour
  7492 | D:8      | Reached skill level 6 in Fighting
  7492 | D:8      | Reached skill level 6 in Maces & Flails
  7492 | D:8      | Reached skill level 6 in Shields
  7492 | D:8      | Reached skill level 6 in Evocations
  7512 | D:8      | Reached skill level 6 in Invocations
  7723 | D:8      | Noticed a two-headed hydra
  7727 | D:8      | Killed a one-headed hydra
  7727 | D:8      | Reached *** piety under Okawaru
  7883 | D:8      | Reached XP level 11. HP: 67/82 MP: 19/19
  7999 | D:6      | Bought an uncursed amulet of guardian spirit for 330 gold
                  | pieces
  8676 | D:9      | Reached **** piety under Okawaru
  8963 | D:9      | Found a shattered altar of Ashenzari.
  9023 | D:9      | Noticed a two-headed ogre
  9037 | D:9      | Killed a two-headed ogre
  9037 | D:9      | Reached skill level 6 in Short Blades
  9037 | D:9      | Reached skill level 6 in Long Blades
  9037 | D:9      | Reached skill level 6 in Axes
  9037 | D:9      | Reached skill level 6 in Staves
  9037 | D:9      | Reached skill level 6 in Slings
  9037 | D:9      | Reached skill level 6 in Bows
  9037 | D:9      | Reached skill level 6 in Crossbows
  9037 | D:9      | Reached skill level 6 in Throwing
  9037 | D:9      | Reached skill level 6 in Dodging
  9037 | D:9      | Reached skill level 6 in Stealth
  9037 | D:9      | Reached skill level 6 in Unarmed Combat
  9037 | D:9      | Reached skill level 6 in Spellcasting
  9037 | D:9      | Reached skill level 5 in Conjurations
  9037 | D:9      | Reached skill level 5 in Hexes
  9037 | D:9      | Reached skill level 5 in Charms
  9037 | D:9      | Reached skill level 5 in Summonings
  9037 | D:9      | Reached skill level 5 in Necromancy
  9037 | D:9      | Reached skill level 5 in Translocations
  9037 | D:9      | Reached skill level 5 in Transmutations
  9037 | D:9      | Reached skill level 5 in Fire Magic
  9037 | D:9      | Reached skill level 5 in Ice Magic
  9037 | D:9      | Reached skill level 5 in Air Magic
  9037 | D:9      | Reached skill level 5 in Earth Magic
  9037 | D:9      | Reached skill level 5 in Poison Magic
  9284 | D:9      | Noticed Erolcha
  9292 | D:9      | Cast into level 2 of the Abyss (Erolcha)
  9319 | Abyss:2  | Noticed a wretched star
  9352 | Abyss:2  | Killed a wretched star
  9437 | Abyss:2  | HP: 21/74 [raiju (3)]
  9454 | Abyss:2  | HP: 22/74 [raiju (7)]
  9561 | Abyss:2  | Noticed a thrashing horror
  9561 | Abyss:2  | Noticed a thrashing horror
  9571 | Abyss:2  | Killed a large abomination
  9574 | Abyss:2  | HP: 20/74 [thrashing horror (6)]
  9580 | Abyss:2  | HP: 20/74 [thrashing horror (3)]
  9580 | Abyss:2  | HP: 8/74 [thrashing horror (11)]
  9585 | Abyss:2  | HP: 5/74 [burnt (4)]
  9585 | Abyss:2  | Mangled by a thrashing horror

Levels and vault maps discovered:
D:1:      tarquinn_simple_flora_water_f, layout_rooms, moated_statue
D:2:      layout_basic, marbit_many_paths, minmay_domino_2
D:3:      layout_basic, gammafunk_temple_overflow_claw,
          chequers_ecumenical_altar_simple
D:4:      layout_gridville, kennysheep_little_box,
          yredelemnul_forgotten_temple_becter, first_ration,
          serial_bayou_lake_a, uniq_ijyb, uniq_pikel, uniq_blork_the_orc,
          uniq_edmund, uniq_sigmund
D:5:      layout_basic, grunt_decor_arrowhead
D:6:      layout_loops_corners, overflow_temple_1_default, lemuel_round_altar,
          basic_altar, serial_shops, shop
D:7:      gammafunk_cloud_chamber, layout_gridville, minmay_temple_entry_hall,
          basic_altar, ebering_ghost_gozag, uniq_joseph, uniq_duvessa
D:8:      layout_rooms, hangedman_ranch [blue_anna_fruit_fields],
          fungi_pond_lemuel, uniq_erica
D:9:      layout_layer_cave, nicolae_ashenzari_panopticon, uniq_erolcha
Temple:   dshaligram_water_room_temple
Abyss:2

Skill      XL: |  1  2  3  4  5  6  7  8  9 10 11 |
---------------+----------------------------------+-----
Invocations    | 1 2 3 4 5 6 |  6.9
Short Blades   | 1 2 3 4 5 6 |  6.3
Long Blades    | 1 2 3 4 5 6 |  6.3
Axes           | 1 2 3 4 5 6 |  6.3
Staves         | 1 2 3 4 5 6 |  6.3
Slings         | 1 2 3 4 5 6 |  6.3
Bows           | 1 2 3 4 5 6 |  6.3
Crossbows      | 1 2 3 4 5 6 |  6.3
Throwing       | 1 2 3 4 5 6 |  6.3
Dodging        | 1 2 3 4 5 6 |  6.3
Stealth        | 1 2 3 4 5 6 |  6.3
Unarmed Combat | 1 2 3 4 5 6 |  6.3
Spellcasting   | 1 2 3 4 5 6 |  6.3
Conjurations   | 1 2 3 4 5 |  5.2
Hexes          | 1 2 3 4 5 |  5.2
Charms         | 1 2 3 4 5 |  5.2
Summonings     | 1 2 3 4 5 |  5.2
Necromancy     | 1 2 3 4 5 |  5.2
Translocations | 1 2 3 4 5 |  5.2
Transmutations | 1 2 3 4 5 |  5.2
Fire Magic     | 1 2 3 4 5 |  5.2
Ice Magic      | 1 2 3 4 5 |  5.2
Air Magic      | 1 2 3 4 5 |  5.2
Earth Magic    | 1 2 3 4 5 |  5.2
Poison Magic   | 1 2 3 4 5 |  5.2
Fighting       | 3 4 5 6 |  6.8
Maces & Flails | 3 4 5 6 |  6.8
Shields        | 3 4 5 6 |  6.8
Evocations     | 3 4 5 6 |  6.8
Polearms       | 5 6 7 |  7.9
Armour         | 9 10 | 10.5

Action                   |  1- 3 |  4- 6 |  7- 9 | 10-12 || total
-------------------------+-------+-------+-------+-------++-------
Melee: Spear             |    32 |    10 |    11 |       ||    53
       Bite              |     6 |    21 |    31 |    43 ||   101
       Dagger            |    47 |   158 |    16 |       ||   221
       Hand axe          |       |       |   245 |   352 ||   597
       Scimitar          |       |       |       |    17 ||    17
 Fire: Hunting sling     |       |       |       |     2 ||     2
       Blowgun           |       |       |       |     1 ||     1
Throw: Stone             |     4 |     9 |    15 |       ||    28
       Tomahawk          |       |     4 |    13 |     5 ||    22
Invok: Heroism           |       |       |       |     6 ||     6
Evoke: Wand              |       |       |       |     3 ||     3
  Use: Scroll            |     7 |     5 |     5 |     5 ||    22
       Potion            |       |       |     1 |     6 ||     7
 Stab: Sleeping          |     1 |       |       |       ||     1
       Distracted        |       |       |       |     1 ||     1
  Eat: Chunk             |       |     5 |    12 |    12 ||    29
Armor: Robe              |     4 |       |       |       ||     4
       Ring mail         |    18 |       |       |       ||    18
       Chain mail        |     1 |    94 |   134 |   107 ||   336
       Plate armour      |       |       |       |   111 ||   111
Dodge: Dodged            |    22 |    47 |    99 |   185 ||   353
Block: Buckler           |    10 |    38 |    48 |   102 ||   198

Table legend:
 A = Non-vault XP
 B = Vault XP
 C = Vault XP percentage of total XP
 D = Non-vault monster count
 E = Vault monster count
 F = Vault count percentage of total count
                 A         B        C        D         E       F
            +---------+---------+-------+---------+---------+-------
      Total |    9358 |    4881 |  34.3 |     215 |      20 |   8.5
            +---------+---------+-------+---------+---------+-------
        D:1 |      36 |       0 |   0.0 |      16 |       0 |   0.0
        D:2 |      81 |      16 |  16.5 |      19 |       3 |  13.6
        D:3 |     129 |       0 |   0.0 |      28 |       0 |   0.0
        D:4 |     619 |    1021 |  62.3 |      13 |       5 |  27.8
        D:5 |     511 |       0 |   0.0 |      24 |       0 |   0.0
        D:6 |     942 |       0 |   0.0 |      25 |       0 |   0.0
        D:7 |     970 |     719 |  42.6 |      18 |       3 |  14.3
        D:8 |    1208 |    3125 |  72.1 |      28 |       9 |  24.3
        D:9 |    2490 |       0 |   0.0 |      37 |       0 |   0.0
    Abyss:2 |    2372 |       0 |   0.0 |       7 |       0 |   0.0
            +---------+---------+-------+---------+---------+-------

Table legend:
 A = Turns spent in this place as a percentage of turns spent in the entire game.
 B = Non-inter-level travel turns spent in this place as a percentage of non-inter-level travel turns spent in the entire game.
 C = Inter-level travel turns spent in this place as a percentage of turns spent in this place.
 D = Turns resting spent in this place as a percentage of non-inter-level travel turns spent in this place.
 E = Turns spent auto-exploring this place as a percentage of non-inter-level travel turns spent in this place.
 F = Non-inter-level travel turns spent in this place divided by the number of levels of this place that you've seen.
                   A       B       C       D       E      F
               +-------+-------+-------+-------+-------+----------------------
         Total | 100.0 | 100.0 |   3.9 |  17.1 |  46.4 | 837.3
       Dungeon |  96.0 |  96.0 |   3.9 |  16.8 |  47.5 | 982.9
        Temple |   0.9 |   0.8 |  22.0 |   0.0 |  97.2 |  71.0
         Abyss |   3.1 |   3.2 |   0.0 |  30.7 |   0.0 | 293.0
               +-------+-------+-------+-------+-------+----------------------

Levels and vault maps discovered:
D:1:      tarquinn_simple_flora_water_f, layout_rooms, moated_statue
D:2:      layout_basic, marbit_many_paths, minmay_domino_2
D:3:      layout_basic, gammafunk_temple_overflow_claw,
          chequers_ecumenical_altar_simple
D:4:      layout_gridville, kennysheep_little_box,
          yredelemnul_forgotten_temple_becter, first_ration,
          serial_bayou_lake_a, uniq_ijyb, uniq_pikel, uniq_blork_the_orc,
          uniq_edmund, uniq_sigmund
D:5:      layout_basic, grunt_decor_arrowhead
D:6:      layout_loops_corners, overflow_temple_1_default, lemuel_round_altar,
          basic_altar, serial_shops, shop
D:7:      gammafunk_cloud_chamber, layout_gridville, minmay_temple_entry_hall,
          basic_altar, ebering_ghost_gozag, uniq_joseph, uniq_duvessa
D:8:      layout_rooms, hangedman_ranch [blue_anna_fruit_fields],
          fungi_pond_lemuel, uniq_erica
D:9:      layout_layer_cave, nicolae_ashenzari_panopticon, uniq_erolcha
Temple:   dshaligram_water_room_temple
Abyss:2
